 Dungeon Crawl Stone Soup version 0.29.1-12-g30fa7ad0bf (webtiles) character file.

Game seed: 17820771138868814715

120533 suse60 the Warrior (level 17, -2/155 HPs)
             Began as a Formicid Fighter on Dec 29, 2022.
             Was the Champion of the Shining One.
             Killed by divine providence
             ... invoked by a living spell
             ... summoned by a walking divine tome
              (10 damage)
             ... in a wizard's laboratory on Jan 8, 2023.
             The game lasted 03:27:55 (31613 turns).

suse60 the Warrior (Formicid Fighter)              Turns: 31613, Time: 03:27:56

Health: -2/155     AC: 30    Str: 31    XL:     17   Next: 37%
Magic:  8/8        EV: 17    Int:  4    God:    the Shining One [******]
Gold:   2084       SH:  9    Dex: 31    Spells: 16/16 levels left

rFire   + . .      SeeInvis +   o - +1 war axe of Propriety {antimagic, rC- rCorr Int-4 Dex+9}
rCold   x . .      Faith    .   c - +2 buckler
rNeg    + + +      Spirit   .   G - +6 plate armour of the Original Sin {Str+2}
rPois   .          Reflect  .   (helmet unavailable)
rElec   .          Harm     .   j - +2 cloak {Will+}
rCorr   +          Rampage  .   H - +2 pair of gloves {Dex+3}
Will    ++...                   n - +2 pair of boots
Stlth   ..........              J - amulet of the acrobat
HPRegen 0.35/turn               s - +6 ring of dexterity
MPRegen 0.11/turn               b - ring of protection from fire

@: glowing
A: permanent stasis, dig shafts and tunnels, antennae 3, four strong arms,
talons 2
a: Dig, Renounce Religion, Divine Shield, Cleansing Flame, Summon Divine
Warrior, Brand Weapon With Holy Wrath


You were in a wizard's laboratory.
You worshipped the Shining One.
The Shining One was exalted by your worship.
You visited 4 branches of the dungeon, and saw 23 of its levels.
You also visited: Sewer, Bailey and Wizlab.

You collected 2343 gold pieces.
You spent 259 gold pieces at shops.

Inventory:

Hand Weapons
 a - a +9 war axe of venom
 o - the +1 war axe of Propriety (weapon) {antimagic, rC- rCorr Int-4 Dex+9}
   (You found it on level 11 of the Dungeon)

   It reduces the magical energy of the wielder, and disrupts the spells and
   magical abilities of those it strikes.
   Natural abilities and divine invocations are not affected.
   Int:       It affects your intelligence (-4).
   Dex:       It affects your dexterity (+9).
   rC:        It makes you vulnerable to cold.
   rCorr:     It protects you from acid and corrosion.
 z - a +3 dire flail of holy wrath
Missiles
 g - 24 boomerangs (quivered)
 w - a throwing net
Armour
 c - a +2 buckler (worn)
 j - a +2 cloak of willpower (worn)
 n - a +2 pair of boots (worn)
 G - the +6 plate armour of the Original Sin (worn) {Str+2}
   (You found it on level 3 of the Lair of Beasts)

   Str:       It affects your strength (+2).
 H - a +2 pair of gloves of dexterity (worn)
Jewellery
 b - a ring of protection from fire (right hand)
 k - a ring of poison resistance
 s - a +6 ring of dexterity (left hand)
 x - a ring of resist corrosion
 y - a ring of protection from cold
 J - an amulet of the acrobat (around neck)
Wands
 r - a wand of flame (8)
 B - a wand of roots (16)
 K - a wand of quicksilver (6)
Scrolls
 i - a scroll of summoning
 p - 4 scrolls of fog
 q - 4 scrolls of poison
 C - 3 scrolls of fear
 E - 3 scrolls of magic mapping
Potions
 d - 4 potions of magic
 f - 4 potions of resistance
 h - 3 potions of berserk rage
 l - a potion of flight
 m - 6 potions of curing
 t - 8 potions of heal wounds
 v - 4 potions of brilliance
 A - 2 potions of ambrosia
 D - a potion of cancellation


   Skills:
 - Level 20.0 Fighting
 + Level 16.3 Axes
 - Level 4.1 Ranged Weapons
 - Level 10.0 Armour
 - Level 10.0 Dodging
 - Level 4.0 Shields
 - Level 12.0 Invocations


You had 16 spell levels left.
You didn't know any spells.
Your spell library contained the following spells:

 Spells                   Type           Power      Damage    Failure   Level
 Slow                     Hex            0%         N/A       99%         1
 Static Discharge         Conj/Air       0%         3-3/arc   100%        2
 Call Canine Familiar     Summ           0%         N/A       100%        3
 Confusing Touch          Hex            0%         N/A       100%        3
 Ozocubu's Armour         Ice            0%         N/A       100%        3
 Portal Projectile        Hex/Tloc       0%         N/A       100%        3
 Vampiric Draining        Necr           0%         2d6       100%        3
 Airstrike                Air            0%         2d(0-16)  100%        4
 Dispel Undead            Necr           0%         3d6       100%        4
 Leda's Liquefaction      Hex/Erth       0%         N/A       100%        4
 Passage of Golubria      Tloc           0%         N/A       100%        4
 Sticky Flame             Conj/Fire      0%         2d3       100%        4
 Summon Lightning Spire   Summ/Air       0%         N/A       100%        4
 Lee's Rapid Deconstruct  Erth           0%         3d5*      100%        5
 Lightning Bolt           Conj/Air       0%         1d11      100%        5
 Metabolic Englaciation   Hex/Ice        0%         N/A       100%        5
 Silence                  Hex/Air        0%         N/A       100%        5
 Simulacrum               Ice/Necr       0%         N/A       100%        6
 Statue Form              Tmut/Erth      0%         N/A       100%        6
 Malign Gateway           Summ/Tloc      0%         N/A       100%        7
 Lehudib's Crystal Spear  Conj/Erth      0%         10d2      100%        8
 Summon Horrible Things   Summ           0%         N/A       100%        8


Dungeon Overview and Level Annotations

Branches:
Dungeon (14/15)            Temple (0/1) D:6            Lair (5/5) D:9
  Swamp (0/4) Lair:2        Snake (0/4) Lair:2        Slime (0/5) Lair:4
    Orc (2/2) D:9             Elf (2/3) Orc:2        Vaults (0/5) D:14
  Sewer (visited)          Bailey (visited)          WizLab (1/1)

Altars:
Ashenzari
Cheibriados
Elyvilon
Fedhas
Gozag
Hepliaklqana
Kikubaaqudgha
Makhleb
Nemelex Xobeh
Okawaru
Ru
Trog
Wu Jian
Yredelemnul
The Shining One
Jiyva

Shops:
D:5 [   D:6 :   D:7 *   Orc:2 *!=*

Portals:
Trove: D:13 (give +7 demon trident)

Annotations:
D:6 exclusion: oklob sapling


Innate Abilities, Weirdness & Mutations

You cannot be hasted, slowed, berserked, paralysed or teleported.
You can dig through walls and to a lower floor.
You have a pair of large antennae on your head. (SInv)
Your four strong arms can wield two-handed weapons with a shield.
You have razor-sharp toenails.


Message History

You hit the living spell but do no damage.
You hit the walking frostbound tome but do no damage.
The walking frostbound tome is moderately damaged.
You hit the living spell.
The living spell's magic leaks into the air.
The walking frostbound tome hits you but does no damage.
The walking divine tome erupts in a flurry of living spells!
You slice the walking frostbound tome!!
The walking frostbound tome's magic leaks into the air.
The walking frostbound tome is severely damaged.
You completely miss the living spell.
You block the walking frostbound tome's attack.
The walking divine tome erupts in a flurry of living spells!
A rakshasa comes into view. It is wielding a +0 trident.
You hit the walking frostbound tome.
The walking frostbound tome's magic leaks into the air.
The walking frostbound tome is severely damaged.
You hit the living spell but do no damage.
The living spell's magic is no longer disrupted.
The living spell casts itself at you. Something smites you!
* * * LOW HITPOINT WARNING * * *
The living spell casts itself at you. Something smites you!
* * * LOW HITPOINT WARNING * * *
The living spell casts itself at you. Something smites you!
* * * LOW HITPOINT WARNING * * *
You hit the walking frostbound tome but do no damage.
The walking frostbound tome is severely damaged.
You slash the living spell!
You destroy the living spell!
You block the walking frostbound tome's attack.
The walking divine tome erupts in a flurry of living spells!
The living spell casts itself at you. Something smites you!
* * * LOW HITPOINT WARNING * * *
The living spell casts itself at you. Something smites you!
You die...

##...## #..##
##''## ##..###
##...##
###).### {
###...###
##..#..### {
###.@...##
*.###..;##..##
.R......##...##
.;...##.....###
.*######..[###
*:### ####### #
#####


You could see a walking divine tome, a walking frostbound tome (magic
disrupted), a rakshasa and 3 living smiting commandments.

Vanquished Creatures
  A walking divine tome (WizLab)
  Gastronok (D:8)
  The ghost of Tommers the Thaumaturge, an adept DjFE of Makhleb (Elf:1)
  A deep elf sorcerer (Elf:1)
  An orc warlord (Orc:1)
  2 deep elf elementalists (Elf:2)
  The ghost of Xommios the Carver, a journeyman HuFi of the Shining One (Orc:1)
  A stone giant (D:11)
  A deep elf demonologist (Elf:1)
  A deep elf annihilator (Elf:1)
  3 dire elephants (Lair:5)
  Snorg (Lair:3)
  The ghost of gargbit the Grappler, a journeyman TrFi of Wu Jian (D:11)
  Fannar (D:10)
  3 hydras
  A death knight (D:13)
  A catoblepas (D:14)
  7 dancing weapons
  A centaur warrior (D:11)
  3 two-headed ogres
  2 tengu warriors
  The ghost of Colokkon the Magician, a novice GnFE of Sif Muna (D:10)
  4 death yaks
  2 spectral dire elephants (Lair:5)
  4 orc high priests
  6 deep elf knights (Elf:1)
  A spectral death yak (Lair:5)
  A deep troll (Lair:1)
  A skeletal warrior (D:13)
  5 orc knights
  An obsidian statue (Lair:5)
  A wizard (D:14)
  A spectral anaconda (Lair:5)
  6 necromancers
  Pikel (D:6)
  A harpy (shapeshifter) (D:14)
  8 deep elf pyromancers
  A phantasmal warrior (D:13)
  7 deep elf archers (Elf:1)
  13 deep elf zephyrmancers
  7 ugly things
  5 orc sorcerers
  3 cyclopes
  2 manticores
  13 elephants
  5 black mambas
  2 torpor snails (Lair:2)
  3 gargoyles
  21 cane toads
  4 rime drakes
  3 kobold demonologists
  10 komodo dragons
  A freezing wraith (D:14)
  A tengu conjurer (D:12)
  2 queen bees (Bailey)
  6 trolls
  3 polar bears
  A tyrant leech (Lair:2)
  A hornet (D:9)
  9 slime creatures
  21 blink frogs
  7 dream sheep
  3 air elementals
  6 water elementals
  6 wyverns
  44 yaks
  A vampire (D:11)
  A shadow (D:10)
  2 fire elementals
  A wraith (D:13)
  3 basilisks
  11 vampire mosquitoes
  A spectral cane toad (Lair:5)
  6 wargs (Orc:1)
  2 steam dragons
  Menkaure (D:5)
  2 acid dragons
  A floating eye (shapeshifter) (D:11)
  11 water moccasins
  An ice beast (D:6)
  32 orc warriors
  3 sky beasts
  Pargi (D:3)
  5 black bears
  8 ogres
  5 centaurs
  2 phantoms
  9 kobold brigands
  10 bullfrogs
  3 scorpions
  2 earth elementals (Elf:1)
  3 gnoll sergeants
  16 wights
  An elephant simulacrum (Lair:5)
  13 killer bees
  5 electric eels (D:12)
  4 howler monkeys
  3 jellies
  3 hounds
  16 orc priests
  Terence (D:2)
  5 hell rats (Lair:5)
  3 iguanas
  34 orc wizards
  11 gnolls
  11 adders
  2 white imps
  3 ufetubi
  3 worms
  6 dart slugs
  80 orcs
  16 ball pythons
  6 bats
  5 endoplasms
  4 giant cockroaches
  9 goblins
  10 hobgoblins
  5 jackals (Sewer)
  12 kobolds
  4 quokkas
  3 frilled lizards
  10 rats
720 creatures vanquished.

Vanquished Creatures (collateral kills)
  Rupert (D:13)
  A two-headed ogre (D:13)
  A gargoyle (D:13)
  An unseen horror (D:13)
  2 orc warriors (Orc:1)
  An orc (Orc:1)
7 creatures vanquished.

Vanquished Creatures (others)
  A deep elf archer (Elf:1)
  A deep elf pyromancer (Elf:1)
  A deep elf zephyrmancer (Elf:1)
  2 orc warriors (Orc:1)
  A wight (D:9)
  2 orc wizards
  2 orcs
  4 demonic plants (D:2)
  25 fungi
  51 plants
  12 withered plants
102 creatures vanquished.

Grand Total: 829 creatures vanquished

Notes
Turn   | Place    | Note
-------+----------+-------------------------------------------
     0 | D:1      | suse60 the Formicid Fighter began the quest for the Orb.
     0 | D:1      | Reached XP level 1. HP: 18/18 MP: 1/1
   166 | D:1      | Reached XP level 2. HP: 25/25 MP: 2/2
   186 | D:1      | Reached skill level 4 in Fighting
   305 | D:1      | Reached XP level 3. HP: 29/31 MP: 3/3
   767 | D:2      | Reached skill level 5 in Fighting
   817 | D:2      | Reached XP level 4. HP: 39/39 MP: 4/4
   854 | D:2      | Found a faded altar of an unknown god.
  1274 | D:2      | Noticed Terence
  1283 | D:2      | Killed Terence
  1592 | D:3      | Reached XP level 5. HP: 46/46 MP: 5/5
  1628 | D:3      | Noticed Pargi
  1769 | D:3      | Reached skill level 6 in Fighting
  2162 | D:3      | Reached XP level 6. HP: 13/53 MP: 6/6
  2168 | D:3      | Reached skill level 7 in Fighting
  2474 | D:3      | Found a glowing golden altar of the Shining One.
  2490 | D:3      | Became a worshipper of the Shining One
  2696 | D:4      | Found an ancient bone altar of Kikubaaqudgha.
  2770 | D:4      | Found a snail-covered altar of Cheibriados.
  3237 | D:4      | Found a burning altar of Makhleb.
  3244 | D:4      | Found an ornate altar of the Wu Jian Council.
  3244 | D:4      | Found a basalt altar of Yredelemnul.
  3255 | D:4      | Found a blossoming altar of Fedhas.
  3258 | D:4      | Found a white marble altar of Elyvilon.
  3490 | D:5      | Entered Level 5 of the Dungeon
  3532 | D:5      | Found Suentoj's Armour Boutique.
  3537 | D:5      | Bought a +0 pair of boots for 67 gold pieces
  3566 | D:5      | Reached skill level 8 in Fighting
  3566 | D:5      | Reached XP level 7. HP: 52/62 MP: 7/7
  3577 | D:5      | Noticed Menkaure
  3587 | D:5      | Killed Menkaure
  3631 | D:5      | Found a broken altar of Ashenzari.
  3939 | D:5      | Reached skill level 9 in Fighting
  3946 | D:5      | Found a glowing drain.
  3950 | Sewer    | Entered a sewer
  4009 | Sewer    | Noticed a water moccasin
  4020 | Sewer    | Killed a water moccasin
  4476 | D:5      | Reached XP level 8. HP: 72/72 MP: 8/8
  4482 | D:5      | Found a sacrificial altar of Ru.
  4878 | D:3      | Killed Pargi
  4879 | D:3      | Reached skill level 10 in Fighting
  4951 | D:6      | Found Joil's Self-Improvement Boutique.
  4992 | D:6      | Found a hazy altar of Hepliaklqana.
  5020 | D:6      | Found a staircase to the Ecumenical Temple.
  5228 | D:6      | Noticed Pikel
  5242 | D:6      | Killed Pikel
  5243 | D:6      | Reached XP level 9. HP: 72/78 MP: 9/9
  5280 | D:6      | Reached * piety under the Shining One
  6289 | D:7      | Found an opulent altar of Gozag.
  6294 | D:7      | Found Gozag's Platinum Reserve.
  6353 | D:7      | Reached XP level 10. HP: 72/85 MP: 10/10
  6565 | D:7      | Reached skill level 10 in Axes
  6878 | D:7      | Reached skill level 1 in Invocations
  7012 | D:7      | Reached skill level 5 in Armour
  7504 | D:8      | Noticed Gastronok
  7744 | D:8      | Reached ** piety under the Shining One
  7881 | D:8      | Reached skill level 5 in Invocations
  7897 | D:8      | Found a flagged portal.
  7906 | Bailey   | Entered a bailey
  8355 | Bailey   | Noticed an orc knight
  8460 | Bailey   | Reached XP level 11. HP: 90/90 MP: 15/15
  8463 | Bailey   | an orc knight changed into a queen bee
  8567 | Bailey   | Noticed an orc knight
  8581 | Bailey   | an orc knight changed into a queen bee
  9058 | D:8      | Reached XP level 12. HP: 90/97 MP: 16/18
  9185 | D:8      | Killed Gastronok
  9328 | D:8      | Found a sparkling altar of Nemelex Xobeh.
  9540 | D:9      | Found a staircase to the Lair.
  9693 | D:9      | Reached *** piety under the Shining One
  9879 | D:9      | Found a staircase to the Orcish Mines.
 10059 | D:9      | Reached skill level 11 in Fighting
 10480 | D:10     | Entered Level 10 of the Dungeon
 10599 | D:10     | Gained mutation: Your spells are a little easier to cast,
                  | but a little less powerful. [potion of mutation]
 10599 | D:10     | Gained mutation: Your magical capacity is low. (-10% MP)
                  | [potion of mutation]
 10599 | D:10     | Gained mutation: You are partially covered in iridescent
                  | scales. (AC +2) [potion of mutation]
 10600 | D:10     | Lost mutation: You are partially covered in iridescent
                  | scales. (AC +2) [potion of mutation]
 10600 | D:10     | Lost mutation: Your magical capacity is low. (-10% MP)
                  | [potion of mutation]
 10600 | D:10     | Gained mutation: You are clumsy. (Dex -2) [potion of
                  | mutation]
 10600 | D:10     | Gained mutation: Your flesh is cold resistant. (rC+)
                  | [potion of mutation]
 10691 | D:10     | Found a runed translucent gate.
 10691 | D:10     | Found a runed translucent gate.
 10692 | D:10     | Found a runed translucent gate.
 10692 | D:10     | Noticed Colokkon's ghost (novice GnFE)
 10764 | D:10     | Reached skill level 12 in Fighting
 10913 | D:10     | Noticed Fannar
 10945 | D:10     | Killed Fannar
 10949 | D:10     | Found a bloodstained altar of Trog.
 11395 | D:11     | Reached **** piety under the Shining One
 11404 | D:11     | Reached skill level 13 in Fighting
 11500 | D:11     | Found a runed translucent gate.
 11500 | D:11     | Found a runed translucent gate.
 11502 | D:11     | Found a runed translucent gate.
 11515 | D:11     | Noticed a stone giant
 11515 | D:11     | Noticed a centaur warrior
 11520 | D:11     | Killed a centaur warrior
 11524 | D:11     | Killed a stone giant
 11524 | D:11     | Noticed a fire crab
 11525 | D:11     | a fire crab changed into a floating eye
 11530 | D:11     | Reached XP level 13. HP: 48/112 MP: 19/19
 11785 | D:11     | Reached skill level 14 in Fighting
 11907 | D:11     | Lost mutation: You are clumsy. (Dex -2) [potion of
                  | mutation]
 11907 | D:11     | Lost mutation: Your flesh is cold resistant. (rC+) [potion
                  | of mutation]
 11907 | D:11     | Gained mutation: Your flesh is cold resistant. (rC+)
                  | [potion of mutation]
 11907 | D:11     | Gained mutation: You have large cloven feet. [potion of
                  | mutation]
 11933 | D:11     | Noticed a ten-headed hydra
 11933 | D:11     | Noticed gargbit's ghost (journeyman TrFi)
 11933 | D:11     | Noticed a nine-headed hydra
 12842 | D:12     | Reached skill level 15 in Fighting
 13759 | D:12     | Found an iron altar of Okawaru.
 15471 | D:13     | Identified the +1 flail of Descent {freeze, rCorr}
 15652 | D:13     | Found a portal to a secret trove of treasure.
 15652 | D:13     | Noticed Rupert
 15795 | D:10     | Reached ***** piety under the Shining One
 15804 | D:10     | Killed Colokkon's ghost
 16223 | D:13     | HP: 4/117 [Rupert/+2 vorpal triple sword (8)]
 16226 | D:13     | Killed Rupert
 16303 | D:13     | Reached XP level 14. HP: 81/124 MP: 20/20
 18210 | D:14     | Identified the +3 mace of Action {protect, Fragile Str-2
                  | Int+2 Dex+7}
 18215 | D:14     | Found a gate to the Vaults.
 18930 | Lair:1   | Entered Level 1 of the Lair of Beasts
 18963 | Lair:1   | Noticed Urug
 18978 | Lair:1   | Noticed Urug
 18978 | Lair:1   | Urug changed into Urug the deep troll
 18982 | Lair:1   | Killed Urug the deep troll
 19953 | Lair:2   | Reached skill level 15 in Axes
 20189 | Lair:2   | Found a staircase to the Snake Pit.
 20685 | Lair:2   | Reached skill level 10 in Invocations
 20701 | Lair:2   | Reached XP level 15. HP: 123/130 MP: 22/22
 21110 | Lair:2   | Found a staircase to the Swamp.
 21327 | Lair:3   | Noticed Snorg
 21354 | Lair:3   | Killed Snorg
 21678 | Lair:3   | You fall into a shaft and drop 2 floors!
 21678 | Lair:5   | Entered Level 5 of the Lair of Beasts
 21745 | Lair:5   | Identified the +5 trident of the Pyrrhic Victory {protect,
                  | rElec rCorr Str+4 Int-5}
 21790 | Lair:4   | Reached skill level 16 in Fighting
 21904 | Lair:3   | Identified the +6 plate armour of the Original Sin {Str+2}
 22436 | Lair:4   | Lost mutation: Your spells are a little easier to cast, but
                  | a little less powerful. [potion of mutation]
 22436 | Lair:4   | Lost mutation: Your flesh is cold resistant. (rC+) [potion
                  | of mutation]
 22436 | Lair:4   | Gained mutation: You occasionally lose the ability to read
                  | scrolls when taking damage. [potion of mutation]
 22436 | Lair:4   | Gained mutation: You are frail. (-10% HP) [potion of
                  | mutation]
 22437 | Lair:4   | Lost mutation: You occasionally lose the ability to read
                  | scrolls when taking damage. [potion of mutation]
 22437 | Lair:4   | Lost mutation: You are frail. (-10% HP) [potion of
                  | mutation]
 22437 | Lair:4   | Lost mutation: You have large cloven feet. [potion of
                  | mutation]
 22437 | Lair:4   | Gained mutation: You have sharp toenails. [potion of
                  | mutation]
 22931 | Lair:4   | Reached skill level 17 in Fighting
 23011 | Lair:4   | Found a viscous altar of Jiyva.
 23011 | Lair:4   | Found a staircase to the Slime Pits.
 24609 | Lair:5   | Reached ****** piety under the Shining One
 24637 | Lair:5   | Reached XP level 16. HP: 143/143 MP: 25/25
 24673 | Lair:5   | Reached skill level 18 in Fighting
 25357 | Orc:1    | Entered Level 1 of the Orcish Mines
 25686 | Orc:1    | Found a transporter.
 25690 | Orc:1    | Noticed Xommios's ghost (journeyman HuFi)
 25706 | Orc:1    | Found a transporter.
 26109 | Orc:1    | Reached skill level 10 in Armour
 26114 | Orc:1    | Killed Xommios's ghost
 26273 | Orc:2    | Entered Level 2 of the Orcish Mines
 26273 | Orc:2    | Found a staircase to the Elven Halls.
 27029 | Orc:2    | Gained mutation: You have razor-sharp toenails. [a neqoxec]
 27183 | Orc:2    | Reached skill level 19 in Fighting
 27227 | Orc:2    | Found Miollogaunk's General Store.
 27227 | Orc:2    | Found Mirchiwk's Distillery.
 27230 | Orc:2    | Found Hiotuaprad's Jewellery Shoppe.
 27230 | Orc:2    | Found Omous's General Store.
 27281 | Orc:2    | Bought a potion of curing for 48 gold pieces
 27281 | Orc:2    | Bought a potion of heal wounds for 80 gold pieces
 27281 | Orc:2    | Bought a potion of might for 64 gold pieces
 27354 | Elf:1    | Entered Level 1 of the Elven Halls
 27793 | Elf:1    | Found an ancient bone altar of Kikubaaqudgha.
 28397 | Elf:1    | Noticed a Brimstone Fiend
 28736 | Elf:1    | Noticed a deep elf sorcerer
 28770 | Elf:1    | Killed a deep elf sorcerer
 28775 | Elf:1    | Reached skill level 10 in Dodging
 29232 | Elf:1    | Reached skill level 20 in Fighting
 29750 | Elf:1    | Found a runed translucent door.
 29771 | Elf:1    | Reached XP level 17. HP: 133/155 MP: 26/26
 29866 | Elf:1    | Noticed Tommers's ghost (adept DjFE)
 29890 | Elf:1    | Killed Tommers's ghost
 30502 | Elf:1    | Reached skill level 1 in Ranged Weapons
 31000 | D:11     | Killed gargbit's ghost
 31029 | D:11     | Identified the +1 war axe of Propriety {antimagic, rC-
                  | rCorr Int-4 Dex+9}
 31329 | Elf:2    | Found a magical portal.
 31338 | WizLab   | Entered Tukima's Studio
 31374 | WizLab   | Noticed a walking divine tome
 31394 | WizLab   | Killed a walking divine tome
 31601 | WizLab   | Noticed a walking frostbound tome
 31607 | WizLab   | Noticed a walking divine tome
 31613 | WizLab   | Killed from afar by a living spell

Illustrated notes

Levels and vault maps discovered:
D:1:      saegor_arrival_simple_d, layout_rooms, minmay_pentomino_w4
D:2:      layout_basic, shapermc_ecumenical_altar_gd, uniq_terence
D:3:      layout_loops_cross, mainiacjoe_overflow_catwalk,
          minmay_shallow_snake_nest, uniq_pargi
D:4:      layout_gridville, mainiacjoe_overflow_concentric_impassable,
          slow_altar_1, minmay_overflow_temple_star_hex
D:5:      layout_loops_corners, mainiacjoe_overflow_six_doors_small,
          nicolae_ru_path_of_blood, gup_sewer_entry_spiral, serial_shops,
          kennysheep_little_box, uniq_menkaure
D:6:      cheibrodos_barr_body, layout_basic, mainiacjoe_overflow_alcove_4,
          minmay_temple_entry_oklob, minivault_10, nicolae_shop_self_help,
          uniq_pikel
D:7:      layout_loops_corners, nicolae_gozag_zags_fifth_avenue, dk_vineyard_2
D:8:      layout_rooms, nemelex_spade_bored_becter, enter_bailey_5,
          minmay_misc_feat_tower, hex_intersection, grunt_ministairs_2,
          uniq_gastronok
D:9:      layout_stronghold, lair_entry_dummy, david_orc_2,
          small_statue_intersection
D:10:     layout_basic, mainiacjoe_overflow_alcove_1,
          gammafunk_ghost_nasty_kobolds, bh_walls_and_bars, uniq_fannar
D:11:     layout_long_grid, gammafunk_ghost_hydra_chop, minivault_25_ag
D:12:     layout_roguey, serial_bayou, serial_bayou_lagoon_b,
          serial_bayou_shore_a, serial_bayou_pond_e, serial_bayou_ford_a,
          serial_bayou_shore_b, serial_bayou_lagoon_a, okawaru_ov_weapons_minmay
D:13:     layout_roguey, enter_trove_0, uniq_rupert
D:14:     layout_stronghold, david_vaults_1, kennysheep_generic_room_3
Lair:1:   layout_regular_city, grunt_megastairs_2, uniq_urug
Lair:2:   layout_regular_city, minmay_swamp_entry_worms, dummy_snake_entry
Lair:3:   layout_big_grid, grunt_forest_stairs_basic,
          chequers_serial_rivers_micro_c, beast_lair_carwin_5, uniq_snorg
Lair:4:   layout_big_grid, dpeg_slime_entry_enclosed, beast_lair_carwin_9,
          lemuel_fruit_tree, grunt_megastairs_3
Lair:5:   due_jungle_book, layout_cave_pods, chequers_serial_rivers_micro_d,
          serial_bayou_shore_b
Orc:1:    layout_diamond_mine, gammafunk_ghost_arena
Orc:2:    grunt_orc_tribal_feast, layout_diamond_mine, nicolae_orc_pool_cavern
Elf:1:    eino_elf_arrival_sip, layout_geoelf_grid, basic_altar,
          ebering_ghost_reflecting_pool, evilmike_minifort
Elf:2:    nicolae_elf_blades_crystal_corner, layout_loops_ring,
          mu_enter_wizlab_5, hangedman_glass_teeth,
          dilly_guarded_unrand_elemental_staff, uniq_jorgrun, uniq_azrael
WizLab:   wizlab_tukima

Skill      XL: |  1  2  3  4  5  6  7  8  9 10 11 12 13 14 15 16 17 |
---------------+----------------------------------------------------+-----
Fighting       | 4 5 6 8 9 10 13 15 17 20 | 20.0
Axes           | 6 9 10 12 15 16 | 16.3
Armour         | 7 9 10 | 10.0
Invocations    | 5 8 9 10 12 | 12.0
Dodging        | 8 10 | 10.0
Ranged Weapons | 4 |  4.1
Shields        | |  4.0

Action                   |  1- 3 |  4- 6 |  7- 9 | 10-12 | 13-15 | 16-18 || total
-------------------------+-------+-------+-------+-------+-------+-------++-------
Melee: War axe           |    80 |   160 |   160 |   390 |   855 |   499 ||  2144
       Flail             |       |       |       |       |     3 |       ||     3
       Trident           |       |       |       |       |       |    19 ||    19
 Fire: Shortbow          |       |       |       |       |       |    44 ||    44
Throw: Boomerang         |       |       |    22 |    14 |    10 |    15 ||    61
       Throwing net      |       |       |       |       |     1 |       ||     1
Invok: Summon Divine War |       |       |       |       |     1 |     1 ||     2
Evoke: Wand              |       |       |       |    10 |    15 |    45 ||    70
  Use: Scroll            |     5 |     8 |     8 |    23 |     9 |     3 ||    56
       Potion            |       |     1 |       |     5 |     7 |     4 ||    17
Armor: Scale mail        |    33 |    66 |    66 |       |       |       ||   165
       Chain mail        |       |       |    21 |   165 |   188 |       ||   374
       Plate armour      |       |       |       |       |    91 |   201 ||   292
Dodge: Dodged            |    36 |    60 |    50 |   163 |   334 |   250 ||   893
Block: Buckler           |    23 |    28 |    38 |    91 |   207 |   131 ||   518
